 Dungeon Crawl Stone Soup version 0.24.0-13-gcf9b319 (webtiles) character file.

Game seed: 1737424875442279087, levelgen mode: deterministic

105 Bronimir the Charmwright (level 5, -1/34 HPs)
             Began as a Halfling Skald on Apr 10, 2020.
             Slain by an orc
             ... wielding a +3 dagger
              (6 damage)
             ... on level 3 of the Dungeon.
             The game lasted 00:03:12 (2369 turns).

Bronimir the Charmwright (Halfling Skald)           Turns: 2369, Time: 00:03:13

Health: -1/34      AC:  4    Str: 12 (13) XL:     5   Next: 9%
Magic:  1/7        EV: 14    Int: 10 (11) God:
Gold:   133        SH:  0    Dex: 11 (14) Spells: 2/7 levels left

rFire    . . .     SeeInvis .   a - +0 falchion
rCold    . . .     Gourm    .   (shield restricted)
rNeg     . . .     Faith    .   b - +0 leather armour
rPois    .         Spirit   .   (no helmet)
rElec    .         Reflect  .   (no cloak)
rCorr    .         Harm     .   (no gloves)
MR       .....                  n - +0 pair of boots (curse)
Stlth    +.........             (no amulet)
HPRegen  0.11/turn              (no ring)
MPRegen  0.10/turn              (no ring)

@: infused
A: small, mutation resistance 1
a: no special abilities


You were on level 3 of the Dungeon.
You were not hungry.

You visited 1 branch of the dungeon, and saw 3 of its levels.

You collected 133 gold pieces.

Inventory:

Hand Weapons
 a - a +0 falchion (weapon)
Missiles
 c - 64 arrows
 e - 53 bolts
 g - 84 stones (quivered)
 l - 15 sling bullets
Armour
 b - a +0 leather armour (worn)
 n - a cursed +0 pair of boots (worn)
Jewellery
 r - an uncursed ring of poison resistance {unknown}
Scrolls
 f - 2 scrolls of teleportation {unknown}
 i - 2 scrolls of amnesia {unknown}
 m - a scroll of identify {unknown}
 o - a scroll of remove curse {unknown}
Potions
 k - a potion of curing
Comestibles
 d - 7 rations


   Skills:
 * Level 2.2 Fighting
 * Level 3.0 Long Blades
 * Level 1.6 Armour
 * Level 3.0 Dodging
 + Level 1.7 Spellcasting
 * Level 4.1 Charms


You had 2 spell levels left.
You knew the following spells:

 Your Spells              Type           Power        Failure   Level  Hunger
a - Infusion              Chrm           #...         8%          1    ##.....
b - Song of Slaying       Chrm           #.......     12%         2    ###....
c - Shroud of Golubria    Chrm/Tloc      #.....       26%         2    ###....

Your spell library contained the following spells:

 Spells                   Type           Power        Failure   Level  Hunger
 Regeneration             Chrm/Necr      #.........   47%         3    ####...
 Spectral Weapon          Hex/Chrm       #.......     47%         3    ####...


Dungeon Overview and Level Annotations

Branches:
Dungeon (3/15)

Altars:


Innate Abilities, Weirdness & Mutations

You are small and have problems with some larger weapons.
You are somewhat resistant to further mutation.


Message History

The orc completely misses you. x2; You riposte.
You hit the orc!
You kill the orc!
The orc barely misses you.
You hit the orc priest.
The orc priest is moderately wounded.
The orc barely misses you.
You riposte.
You closely miss the orc.
The orc priest calls upon Beogh to heal the orc.
The orc's wounds heal themselves!
The orc completely misses you.
The orc priest hits you with a +0 flail.
You barely miss the orc priest.
The orc priest is moderately wounded.
The orc hits you with a +0 short sword. The orc hits you with a +3 dagger.
* * * LOW HITPOINT WARNING * * *
The orc priest hits you.
* * * LOW HITPOINT WARNING * * *
You slash the orc priest!
The orc priest is severely wounded.
The orc priest misses you. The orc barely misses you.
You riposte.
You barely miss the orc. The orc hits you with a +3 dagger.
You die...

....>..................
.......................
.........##.........#.
.........##......^..#.
..#.....##.........#.
#.....##.......))#.
#.....##.........#.
#.....##.........#.
#o@o..####...###.#.


#oooo.# #... #.#. #.o...# #... #.## #.....# #.. #... #.....# #. #### #.....#
....... ........ You could see 2 orc priests and 5 orcs.

Vanquished Creatures
  4 adders (D:2)
  An ooze (D:2)
  2 dart slugs (D:2)
  2 leopard geckos
  8 orcs (D:3)
  3 giant cockroaches
  7 goblins
  6 hobgoblins
  A ball python (D:1)
  5 bats
  3 frilled lizards (D:2)
  4 kobolds
  3 rats (D:1)
49 creatures vanquished.

Notes
Turn   | Place    | Note
-------+----------+-------------------------------------------
     0 | D:1      | Bronimir the Halfling Skald began the quest for the Orb.
     0 | D:1      | Reached XP level 1. HP: 14/14 MP: 3/3
   215 | D:1      | Reached XP level 2. HP: 14/19 MP: 4/4
   822 | D:2      | Reached XP level 3. HP: 18/24 MP: 0/5
   897 | D:2      | Reached skill level 4 in Charms
   904 | D:2      | Learned a level 2 spell: Song of Slaying
   907 | D:2      | Learned a level 2 spell: Shroud of Golubria
  1158 | D:2      | Reached XP level 4. HP: 7/29 MP: 0/6
  2106 | D:3      | Reached XP level 5. HP: 10/34 MP: 3/7
  2369 | D:3      | Slain by an orc

Levels and vault maps discovered:
D:1:      co_arrival_two_rings, layout_loops_corners, due_unseen_surprise
D:2:      layout_basic, minmay_tromino_v7
D:3:      layout_basic, first_ration

Skill      XL: |  1  2  3  4 |
---------------+-------------+-----
Charms         | 4 |  4.1
Fighting       | 2 |  2.2
Dodging        | 3 |  3.0
Long Blades    | 3 |  3.0
Armour         | |  1.6
Spellcasting   | |  1.7

Action                   |  1- 3 |  4- 6 || total
-------------------------+-------+-------++-------
Melee: Falchion          |    69 |    93 ||   162
 Cast: Infusion          |     3 |     3 ||     6
       Shroud of Golubri |       |     2 ||     2
  Use: Potion            |       |     4 ||     4
 Stab: Sleeping          |     1 |       ||     1
  Eat: Chunk             |       |     5 ||     5
Armor: Leather armour    |    15 |    25 ||    40
Dodge: Dodged            |    63 |    97 ||   160
       Rpst.: Falchion   |    19 |    28 ||    47
